 Dungeon Crawl Stone Soup version 0.21.0-25-ge575cb9 (webtiles) character file.

126 Mgcat the Insei (level 4, -8/35 HPs)
             Began as a Draconian Transmuter on Jan 23, 2018.
             Killed by nerve-wracking pain
             ... invoked by teukkam's ghost
              (14 damage)
             ... on level 3 of the Dungeon.
             The game lasted 00:05:56 (3467 turns).

Mgcat the Insei (Draconian Transmuter)              Turns: 3467, Time: 00:05:56

Health: -8/35      AC:  5    Str: 12    XL:     4   Next: 84%
Magic:  7/7        EV: 12    Int: 14    God:
Gold:   110        SH:  0    Dex: 12    Spells: 1/7 levels left

rFire    . . .     SeeInvis .     - Unarmed
rCold    . . .     Gourm    .   (no shield)
rNeg     . . .     Faith    .   (armour unavailable)
rPois    .         Spirit   .   (helmet restricted)
rElec    .         Reflect  .   (no cloak)
rCorr    .         Harm     .   (no gloves)
MR       .....                  (boots currently unavailable)
Stlth    ++........             (no amulet)
HPRegen  0.11/turn              f - ring of stealth
MPRegen  0.10/turn              (no ring)

@: appendage (expiring)
A: unfitting armour, talons 3, cold-blooded, AC +5
a: End Transformation


You were on level 3 of the Dungeon.
You were not hungry.
You had grown temporary talons.
You visited 1 branch of the dungeon, and saw 3 of its levels.

You collected 110 gold pieces.

Inventory:

Hand Weapons
 m - a +2 dagger of speed
Missiles
 a - 26 arrows
 d - 106 stones (quivered)
 e - 11 sling bullets
Jewellery
 f - a ring of stealth (left hand)
 i - an uncursed amulet of faith
Scrolls
 g - a scroll of identify {unknown}
 h - a scroll of remove curse {unknown}
 j - a scroll of enchant weapon {unknown}
 k - a scroll of fog {unknown}
 o - 2 scrolls of teleportation {unknown}
 r - a scroll of immolation {unknown}
Potions
 n - a potion of degeneration {unknown}
 p - a potion of haste {unknown}
Books
 b - a book of Changes

   Spells                             Type                      Level
   a - Beastly Appendage              Transmutation                1
   b - Sticks to Snakes               Transmutation                2
   c - Spider Form                    Transmutation/Poison         3
   d - Ice Form                       Ice/Transmutation            4
   e - Blade Hands                    Transmutation                5
Comestibles
 c - 2 rations


   Skills:
 - Level 1.1 Fighting
 - Level 1.7 Dodging
 - Level 5.0 Unarmed Combat
 + Level 2.4 Spellcasting
 - Level 2.0 Transmutations
 + Level 1.3 Poison Magic


You had one spell level left.
You knew the following spells:

 Your Spells              Type           Power        Failure   Level  Hunger
a - Beastly Appendage     Tmut           #.....       10%         1    #......
b - Sticks to Snakes      Tmut           #.......     16%         2    ###....
c - Spider Form           Tmut/Pois      #.........   34%         3    ###....


Dungeon Overview and Level Annotations

Branches:
Dungeon (3/15)

Altars:
Trog

Annotations:
D:3 teukkam's ghost, amateur GnWn


Innate Abilities, Weirdness & Mutations

Your plain brown scales are hard. (AC +5)
You cannot fit into any form of body armour.
You are cold-blooded and may be slowed by cold attacks.
You have claws for feet.


Message History

Your kick misses teukkam's ghost.
You tail-slap teukkam's ghost, but do no damage.
Teukkam's ghost is lightly damaged.
Teukkam's ghost says, "I am made of steel!"
Teukkam's ghost hits you.
You hit teukkam's ghost but do no damage.
You tail-slap teukkam's ghost.
Teukkam's ghost is moderately damaged.
Teukkam's ghost hits you.
* * * LOW HITPOINT WARNING * * *
You are poisoned.
It was a potion of curing.
You feel better. Teukkam's ghost casts a spell at you.
Pain shoots through your body!
* * * LOW HITPOINT WARNING * * *
Unknown command.
Unknown command.
Teukkam's ghost gestures at you while chanting.
Pain shoots through your body!
You die...

. .. ######### .#. #.......##
.... #........###### ####..###
#.............# ##........
#########.####.#####......#
#...# ##.......@.W)o..##.#
#...####........#########.#
#...#....####.............######
#.....##.# #########...........
#........# #...##..##...
#...###### #####.####.....#
#...# #..)).# #.#..## #...#
#.##### #.#### #...# ##.# #.#


You could see an orc wizard and teukkam's ghost.

Vanquished Creatures
  2 gnolls (D:3)
  4 adders
  2 worms (D:2)
  2 dart slugs
  3 leopard geckos (D:1)
  An orc (D:3)
  5 bats
  6 giant cockroaches
  7 hobgoblins
  5 frilled lizards
  9 goblins
  6 kobolds
  3 rats (D:2)
55 creatures vanquished.

Vanquished Creatures (others)
  A bat (D:1)
1 creature vanquished.

Grand Total: 56 creatures vanquished

Notes
Turn   | Place    | Note
-------+----------+-------------------------------------------
     0 | D:1      | Mgcat the Draconian Transmuter began the quest for the Orb.
     0 | D:1      | Reached XP level 1. HP: 16/16 MP: 3/3
   173 | D:1      | Reached XP level 2. HP: 18/23 MP: 5/5
   533 | D:1      | Reached skill level 4 in Unarmed Combat
  1359 | D:2      | Reached XP level 3. HP: 22/28 MP: 6/6
  1912 | D:2      | Found a bloodstained altar of Trog.
  2264 | D:2      | Reached skill level 5 in Unarmed Combat
  2264 | D:2      | Reached XP level 4. HP: 10/35 MP: 5/7
  2858 | D:2      | Learned a level 2 spell: Sticks to Snakes
  2862 | D:2      | Learned a level 3 spell: Spider Form
  3127 | D:3      | Reached skill level 1 in Poison Magic
  3447 | D:3      | Noticed teukkam's ghost (amateur GnWn)
  3467 | D:3      | Killed from afar by teukkam's ghost

Skill      XL: |  1  2  3  4 |
---------------+-------------+-----
Unarmed Combat | 4 5 |  5.0
Poison Magic   | 1 |  1.3
Fighting       | |  1.1
Dodging        | |  1.7
Spellcasting   | |  2.4
Transmutations | |  2.0

Action                   |  1- 3 |  4- 6 || total
-------------------------+-------+-------++-------
Melee: Unarmed           |   192 |    54 ||   246
       Tailslap          |    19 |     8 ||    27
       Punch             |     7 |       ||     7
       Headbutt          |     3 |       ||     3
       Kick              |       |     2 ||     2
 Cast: Beastly Appendage |     2 |     2 ||     4
  Use: Potion            |       |     1 ||     1
 Stab: Sleeping          |     1 |     2 ||     3
  Eat: Chunk             |     4 |     1 ||     5
       Ration            |       |     1 ||     1
Armor: Skin              |    58 |     8 ||    66
Dodge: Dodged            |   114 |    16 ||   130
